TOP OF THE 1ST |
Seattle Pikes batting - Pitching for Vista Panthers : RHP Scotty Johnson
|
Pitching: RHP Scotty Johnson
|
|
Batting: RHB Wallace Greene
|
0-0: Ball 1-0: Called Strike 1-1: Ground out 6-3 (Groundball, 56)
|
Batting: RHB Pete Rideout
|
0-0: Fly out, F5 (Popup, 56)
|
Batting: LHB Keith Tillman
|
0-0: Called Strike 0-1: Ball 1-1: Ball 2-1: Foul Ball, location: 2F 2-2: Foul Ball, location: 2F 2-2: Ball 3-2: Base on Balls
|
Batting: LHB Don Soper
|
0-0: Ball 1-0: Foul Ball, location: 2F 1-1: SINGLE (Line Drive, 4MD) Keith Tillman to second
|
Batting: RHB Manuel Rico
|
0-0: Called Strike 0-1: Foul Ball, location: 2F 0-2: Ball 1-2: Ball 2-2: Foul Ball, location: 2F 2-2: Ground out 4-3 (Groundball, 34)
|
Top of the 1st over - 0 run(s), 1 hit(s), 0 error(s), 2 left on base; Seattle 0 - Vista 0 |
BOTTOM OF THE 1ST |
Vista Panthers batting - Pitching for Seattle Pikes : LHP Marcos Benítez
|
Pitching: LHP Marcos Benítez
|
|
Batting: RHB Justin Burgess
|
0-0: Fly out, F7 (Flyball, 7S)
|
Batting: LHB Francisco Marino
|
0-0: Ball 1-0: Ball 2-0: Foul Ball, location: 2F 2-1: Called Strike 2-2: Ball 3-2: Strikes out swinging
|
Batting: SHB Mark Wells
|
0-0: Ball 1-0: Called Strike 1-1: Ball 2-1: Fly out, F7 (Flyball, 7LD)
|
Bottom of the 1st over - 0 run(s), 0 hit(s), 0 error(s), 0 left on base; Seattle 0 - Vista 0 |
TOP OF THE 2ND |
Seattle Pikes batting - Pitching for Vista Panthers : RHP Scotty Johnson
|
Batting: LHB Richard Hunter
|
0-0: Ball 1-0: Fly out, F6 (Popup, 6D)
|
Batting: RHB Iván Gonzáles
|
0-0: Called Strike 0-1: Ball 1-1: Ball 2-1: Foul Ball, location: 2F 2-2: Ball 3-2: Foul Ball, location: 2F 3-2: Base on Balls
|
Batting: LHB Brandon Cummings
|
0-0: Called Strike 0-1: Swinging Strike 0-2: Strikes out swinging
|
Batting: SHB António Hernández
|
Pickoff Throw to First - Error! E1 Iván Gonzáles to second 0-0: Ball 1-0: Ground out 1-3 (Groundball, 15)
|
Top of the 2nd over - 0 run(s), 0 hit(s), 1 error(s), 1 left on base; Seattle 0 - Vista 0 |
BOTTOM OF THE 2ND |
Vista Panthers batting - Pitching for Seattle Pikes : LHP Marcos Benítez
|
Batting: LHB Donovan Bird
|
0-0: Called Strike 0-1: Ball 1-1: Ball 2-1: Foul Ball, location: 2F 2-2: Strikes out looking
|
Batting: RHB Salvador Salas
|
0-0: Ball 1-0: Reached on error, E5 (Groundball, 5)
|
Batting: LHB Bob Cunningham
|
0-0: Swinging Strike 0-1: Called Strike 0-2: Ball 1-2: Foul Ball, location: 2F 1-2: Hit by Pitch Salvador Salas to second
|
Batting: RHB Luis Martínez
|
0-0: Fly out, F7 (Flyball, 7LS)
|
Batting: RHB Cisco Gatán
|
0-0: Fly out, F5 (Popup, 5L)
|
Bottom of the 2nd over - 0 run(s), 0 hit(s), 1 error(s), 2 left on base; Seattle 0 - Vista 0 |
TOP OF THE 3RD |
Seattle Pikes batting - Pitching for Vista Panthers : RHP Scotty Johnson
|
Batting: RHB Wallace Greene
|
0-0: Foul Ball, location: 2F 0-1: Ground out 5-3 (Groundball, 56S)
|
Batting: RHB Pete Rideout
|
0-0: Foul Ball, location: 2F 0-1: Swinging Strike 0-2: Foul Ball, location: 2F 0-2: Ball 1-2: Strikes out swinging
|
Batting: LHB Keith Tillman
|
0-0: Foul Ball, location: 2F 0-1: Ball 1-1: Ball 2-1: Fly out, F7 (Flyball, 7LD)
|
Top of the 3rd over - 0 run(s), 0 hit(s), 0 error(s), 0 left on base; Seattle 0 - Vista 0 |
BOTTOM OF THE 3RD |
Vista Panthers batting - Pitching for Seattle Pikes : LHP Marcos Benítez
|
Batting: LHB Patrick Osborne
|
0-0: Fly out, F8 (Flyball, 8LM)
|
Batting: RHB Justin Burgess
|
0-0: Ball 1-0: Fly out, F4 (Popup, 4)
|
Batting: LHB Francisco Marino
|
0-0: Ball 1-0: Fly out, F9 (Flyball, 89M)
|
Bottom of the 3rd over - 0 run(s), 0 hit(s), 0 error(s), 0 left on base; Seattle 0 - Vista 0 |
TOP OF THE 4TH |
Seattle Pikes batting - Pitching for Vista Panthers : RHP Scotty Johnson
|
Batting: LHB Don Soper
|
0-0: Called Strike 0-1: Swinging Strike 0-2: Ball 1-2: Strikes out looking
|
Batting: RHB Manuel Rico
|
0-0: Ball 1-0: Foul Ball, location: 2F 1-1: Swinging Strike 1-2: Fly out, F4 (Line Drive, 4)
|
Batting: LHB Richard Hunter
|
0-0: Ground out U3 (Groundball, 3L)
|
Top of the 4th over - 0 run(s), 0 hit(s), 0 error(s), 0 left on base; Seattle 0 - Vista 0 |
BOTTOM OF THE 4TH |
Vista Panthers batting - Pitching for Seattle Pikes : LHP Marcos Benítez
|
Batting: SHB Mark Wells
|
0-0: SINGLE (Groundball, 56) (infield hit)
|
Batting: LHB Donovan Bird
|
0-0: Swinging Strike 0-1: Ball 1-1: Ball Mark Wells is caught stealing 2nd base 2-1: Called Strike 2-2: Ball 3-2: Foul Ball, location: 2F 3-2: SINGLE (Line Drive, 89S)
|
Batting: RHB Salvador Salas
|
0-0: SINGLE (Groundball, 56D) Donovan Bird to second
|
Batting: LHB Bob Cunningham
|
0-0: Ball 1-0: Called Strike 1-1: Ball 2-1: Grounds into double play, 1-6-3 (Groundball, 13)
|
Bottom of the 4th over - 0 run(s), 3 hit(s), 0 error(s), 1 left on base; Seattle 0 - Vista 0 |
TOP OF THE 5TH |
Seattle Pikes batting - Pitching for Vista Panthers : RHP Scotty Johnson
|
Pitching: LHP Xavier Velázquez
|
|
Batting: RHB Iván Gonzáles
|
0-0: Called Strike 0-1: Called Strike 0-2: Foul Ball, location: 2F 0-2: Foul Ball, location: 2F 0-2: SINGLE (Line Drive, 89M)
|
Batting: LHB Brandon Cummings
|
0-0: Ball 1-0: Foul Ball, location: 2F 1-1: Foul Ball, location: 2F 1-2: Strikes out swinging
|
Batting: SHB António Hernández
|
0-0: Foul Ball, location: 2F 0-1: Swinging Strike 0-2: Strikes out swinging
|
Batting: RHB Wallace Greene
|
0-0: Ball 1-0: Foul Ball, location: 2F 1-1: Hit by Pitch Iván Gonzáles to second
|
Batting: RHB Pete Rideout
|
0-0: DOUBLE (Line Drive, 78S) Iván Gonzáles scores Wallace Greene to third Runner from 3rd tries for Home, throw and OUT!
|
Top of the 5th over - 1 run(s), 2 hit(s), 0 error(s), 1 left on base; Seattle 1 - Vista 0 |
BOTTOM OF THE 5TH |
Vista Panthers batting - Pitching for Seattle Pikes : LHP Marcos Benítez
|
Pitching: RHP Gil Dickson
|
|
Batting: RHB Luis Martínez
|
0-0: Called Strike 0-1: Ball 1-1: SINGLE (Groundball, 6MD)
|
Batting: RHB Cisco Gatán
|
0-0: Ball 1-0: Ball 2-0: Called Strike 2-1: Ball 3-1: Called Strike 3-2: Foul Ball, location: 2F 3-2: Reached on error, E5 (Groundball, 56S) Luis Martínez to second
|
Batting: LHB Patrick Osborne
|
0-0: Called Strike 0-1: Ball 1-1: SINGLE (Line Drive, 6M) Luis Martínez to third Cisco Gatán to second
|
Batting: RHB Justin Burgess
|
0-0: Ball 1-0: Called Strike 1-1: Fly out, F8 (Line Drive, 8LM)
|
Batting: LHB Francisco Marino
|
0-0: Fly out, F8 (Flyball, 8LD) Runner from 3rd tags up, SCORES, no throw
|
Batting: SHB Mark Wells
|
0-0: Called Strike 0-1: Swinging Strike 0-2: Ball 1-2: Foul Ball, location: 2F 1-2: Strikes out swinging
|
Bottom of the 5th over - 1 run(s), 2 hit(s), 1 error(s), 2 left on base; Seattle 1 - Vista 1 |
TOP OF THE 6TH |
Seattle Pikes batting - Pitching for Vista Panthers : LHP Xavier Velázquez
|
Batting: LHB Keith Tillman
|
0-0: Ball 1-0: Fly out, F4 (Line Drive, 4D)
|
Batting: LHB Don Soper
|
0-0: Foul Ball, location: 2F 0-1: Ball 1-1: DOUBLE (Line Drive, 89D)
|
Batting: RHB Manuel Rico
|
0-0: Ball 1-0: Ball 2-0: Fly out, F7 (Flyball, 78M)
|
Batting: LHB Richard Hunter
|
0-0: Called Strike 0-1: Fly out, F7 (Flyball, 7S)
|
Top of the 6th over - 0 run(s), 1 hit(s), 0 error(s), 1 left on base; Seattle 1 - Vista 1 |
BOTTOM OF THE 6TH |
Vista Panthers batting - Pitching for Seattle Pikes : RHP Gil Dickson
|
Batting: LHB Donovan Bird
|
0-0: Ball 1-0: Fly out, F3 (Line Drive, 3S)
|
Batting: RHB Salvador Salas
|
0-0: Ball 1-0: Ball 2-0: Ball 3-0: Base on Balls
|
Batting: LHB Bob Cunningham
|
0-0: Called Strike 0-1: Ball 1-1: Ball 2-1: SINGLE (Groundball, 4D) Salvador Salas to second
|
Batting: RHB Luis Martínez
|
0-0: Called Strike 0-1: Ball 1-1: SINGLE (Groundball, 6MD) Salvador Salas to third Bob Cunningham to second Runner from 3rd tries for Home, SAFE, throw made home
|
Batting: RHB Cisco Gatán
|
0-0: Ball 1-0: Called Strike 1-1: Ball Wild Pitch! Bob Cunningham to third Luis Martínez to second 2-1: Ball 3-1: Base on Balls
|
Batting: LHB Patrick Osborne
|
0-0: Called Strike 0-1: Ball 1-1: DOUBLE (Line Drive, 78XD) Bob Cunningham scores Luis Martínez scores Cisco Gatán to third Runner from 3rd tries for Home, SAFE, throw made home
|
Pitching: RHP Larry Jenkins
|
|
Pinch Hitting: LHB Brent Alonzo
|
0-0: Foul Ball, location: 2F 0-1: Ball 1-1: Swinging Strike 1-2: Ball 2-2: DOUBLE (Line Drive, 78D) Patrick Osborne scores
|
Pinch Hitting: RHB John Mendelson
|
0-0: Ball 1-0: Swinging Strike 1-1: Called Strike 1-2: Ball 2-2: Ball 3-2: Base on Balls
|
Batting: RHB Griswold Coleman
|
0-0: Called Strike 0-1: Ball 1-1: Called Strike 1-2: Strikes out swinging
|
Pinch Hitting: RHB Phil Matthews
|
0-0: Foul Ball, location: 2F 0-1: Ball 1-1: TRIPLE (Flyball, 8RXD) Brent Alonzo scores John Mendelson scores
|
Pinch Hitting: LHB Ray Bryant
|
0-0: Called Strike 0-1: Called Strike 0-2: Ball 1-2: Ground out 6-3 (Groundball, 6)
|
Bottom of the 6th over - 7 run(s), 5 hit(s), 0 error(s), 1 left on base; Seattle 1 - Vista 8 |
TOP OF THE 7TH |
Seattle Pikes batting - Pitching for Vista Panthers : LHP Xavier Velázquez
|
Now at 2B: Brent Alonzo
|
|
Now at 3B: Felipe Cruz
|
|
Now at SS: Ken Hernández
|
|
Now in RF: Phil Matthews
|
|
Batting: RHB Iván Gonzáles
|
0-0: Called Strike 0-1: Foul Ball, location: 2F 0-2: Ball 1-2: Foul Ball, location: 2F 1-2: Ball 2-2: Fly out, F9 (Line Drive, 9)
|
Batting: LHB Brandon Cummings
|
0-0: SINGLE (Groundball, 4MD)
|
Batting: SHB António Hernández
|
0-0: Called Strike 0-1: Ball 1-1: Ball 2-1: Ball 3-1: Base on Balls Brandon Cummings to second
|
Pitching: RHP David Simpson
|
|
Batting: RHB Wallace Greene
|
0-0: Grounds into double play, 1-6-3 (Groundball, P)
|
Top of the 7th over - 0 run(s), 1 hit(s), 0 error(s), 1 left on base; Seattle 1 - Vista 8 |
BOTTOM OF THE 7TH |
Vista Panthers batting - Pitching for Seattle Pikes : RHP Larry Jenkins
|
Pinch Hitting: RHB Johnny Williams
|
0-0: Foul Ball, location: 2F 0-1: Foul Ball, location: 2F 0-2: Ball 1-2: Foul Ball, location: 2F 1-2: Foul Ball, location: 2F 1-2: Strikes out swinging
|
Pinch Hitting: RHB António López
|
0-0: Swinging Strike 0-1: SINGLE (Line Drive, 56)
|
Batting: RHB Cisco Gatán
|
0-0: Ball António López is caught stealing 2nd base 1-0: Ball 2-0: Called Strike 2-1: SINGLE (Groundball, 6MD)
|
Pinch Hitting: RHB Armando Colón
|
0-0: Called Strike 0-1: Ball 1-1: Ball 2-1: Swinging Strike 2-2: Fielders Choice at 2nd, 5-4 (Groundball, 5)
|
Bottom of the 7th over - 0 run(s), 2 hit(s), 0 error(s), 0 left on base; Seattle 1 - Vista 8 |
TOP OF THE 8TH |
Seattle Pikes batting - Pitching for Vista Panthers : RHP David Simpson
|
Now at 1B: António López
|
|
Now at 3B: Johnny Williams
|
|
Now in LF: Armando Colón
|
|
Pinch Hitting: RHB Tae-kwon Kwon
|
0-0: Ball 1-0: Called Strike 1-1: Ground out 6-3 (Groundball, 6S)
|
Pinch Hitting: RHB António Ortega
|
0-0: Ball 1-0: Foul Ball, location: 2F 1-1: Called Strike 1-2: Ball 2-2: Foul Ball, location: 2F 2-2: Foul Ball, location: 2F 2-2: SINGLE (Groundball, 56D)
|
Pinch Hitting: RHB Randy Sheppard
|
0-0: Ground out 5-3 (Groundball, 56S) António Ortega to second
|
Pinch Hitting: RHB Murai Ishihara
|
0-0: Called Strike 0-1: Ball 1-1: Swinging Strike 1-2: Strikes out looking
|
Top of the 8th over - 0 run(s), 1 hit(s), 0 error(s), 1 left on base; Seattle 1 - Vista 8 |
BOTTOM OF THE 8TH |
Vista Panthers batting - Pitching for Seattle Pikes : RHP Larry Jenkins
|
Now at 1B: António Ortega
|
|
Now at 2B: Murai Ishihara
|
|
Now at SS: Roberto Zamora
|
|
Now in CF: Randy Sheppard
|
|
Batting: LHB Brent Alonzo
|
0-0: Ball 1-0: Called Strike 1-1: Ball 2-1: Ground out 4-3 (Groundball, 4S)
|
Batting: LHB Felipe Cruz
|
0-0: Ball 1-0: Ball 2-0: Ball 3-0: Called Strike 3-1: Base on Balls
|
Batting: RHB Griswold Coleman
|
0-0: Ball 1-0: Ball Felipe Cruz steals 2nd base 2-0: Called Strike 2-1: Fly out, F9 (Flyball, 9)
|
Batting: RHB Phil Matthews
|
0-0: Called Strike 0-1: Ball 1-1: Ball 2-1: Foul Ball, location: 2F 2-2: Ball 3-2: Fly out, F9 (Line Drive, 9LM)
|
Bottom of the 8th over - 0 run(s), 0 hit(s), 0 error(s), 1 left on base; Seattle 1 - Vista 8 |
TOP OF THE 9TH |
Seattle Pikes batting - Pitching for Vista Panthers : RHP David Simpson
|
Pinch Hitting: RHB Juan Brieno
|
0-0: Called Strike 0-1: Ball 1-1: Ball 2-1: Foul Ball, location: 2F 2-2: Fly out, F4 (Line Drive, 4MD)
|
Pitching: RHP Dave Jackson
|
|
Pinch Hitting: RHB Alberto Pérez
|
0-0: Ball 1-0: Swinging Strike 1-1: Ball 2-1: Called Strike 2-2: Fly out, F9 (Flyball, 9LSF)
|
Pinch Hitting: RHB Arnold Harmon
|
0-0: Ball 1-0: Ball 2-0: Called Strike 2-1: Ball 3-1: Called Strike 3-2: Strikes out swinging
|
Top of the 9th over - 0 run(s), 0 hit(s), 0 error(s), 0 left on base; Seattle 1 - Vista 8 |
|